 Dungeon Crawl Stone Soup version 0.32-a0-39-g5c88369fb2 (console) character file.

Game seed: 10753391504148185417

261 lynnlei the Ducker (level 5, -1/25 HPs)
             Began as a Felid Berserker on Feb 2, 2024.
             Was a Believer of Trog.
             Slain by an orc priest
             ... wielding a +1 flail of protection
              (5 damage)
             ... on level 4 of the Dungeon on Feb 3, 2024.
             The game lasted 00:21:08 (2884 turns).

lynnlei the Ducker (Felid Berserker)                Turns: 2884, Time: 00:21:09

Health: -1/25      AC:  1    Str: 15    XL:     5   Next: 96%
Magic:  6/6        EV: 19    Int: 10    God:    Trog [**....]
Gold:   121        SH:  5    Dex: 16    Spells: 4/4 levels left
                                        Lives:  0   Deaths: 2

rFire   + .          .
                       - Unarmed
rCold   + . .        (shield unavailable)
rNeg    . . .        (body armour unavailable)
rPois   .            (helmet unavailable)
rElec   .            (cloak unavailable)
rCorr   .            (gloves unavailable)
SInv    +            (boots unavailable)
Will    .....        a - amulet of reflection
Stlth   ++           (no ring)
HPRegen 0.24/turn    (no ring)
MPRegen 0.10/turn

%: reflection
@: no status effects
A: very small, claws 1, fangs 3, see invisible, shaggy fur 1, stealthy paws, no
weapons or thrown items, no armour, multi-lived, cold resistance 1, fire
resistance 1, frail 1, inability to drink after injury 1
a: Renounce Religion, Berserk, Trog's Hand


You were on level 4 of the Dungeon.
You worshipped Trog.
Trog was pleased with you.
You visited 1 branch of the dungeon, and saw 4 of its levels.

You collected 121 gold pieces.

Inventory:

Jewellery
 a - an amulet of reflection (around neck)
 e - a ring of resist corrosion
Wands
 c - a wand of roots (2)
Scrolls
 b - 2 scrolls of fog


   Skills:
 + Level 3.5 Fighting
 + Level 5.3 Dodging
 * Level 3.0 Stealth
 + Level 5.3 Unarmed Combat


You had 4 spell levels left.
You didn't know any spells.
Your spell library was empty.

Dungeon Overview and Level Annotations

Branches:
Dungeon (4/15)             Temple (0/1) D:4

Altars:
Kikubaaqudgha
Sif Muna

Shops:
D:4 ?

Annotations:
D:4 Edmund, Grinder


Innate Abilities, Weirdness & Mutations

You have sharp claws.
You have razor-sharp teeth.
You have supernaturally acute eyesight. (SInv)
You are covered in fur. (AC +1)
Your paws help you pounce on unaware monsters.
You are incapable of wielding weapons or throwing items.
You cannot wear armour.
You gain extra lives every three experience levels.
Your flesh is cold resistant. (rC+)
Your flesh is heat resistant. (rF+)
You are frail. (-10% HP)
You occasionally lose the ability to drink potions when taking damage.


Message History

You are too injured to fight recklessly!
You are too injured to fight recklessly!
You are too injured to fight recklessly!
You are too injured to fight recklessly!
You are too injured to fight recklessly!
You are too injured to fight recklessly!
You are too injured to fight recklessly!
You are too injured to fight recklessly!
You barely miss the orc. You bite the orc, but do no damage.
The orc completely misses you.
You scratch the orc.
The orc is lightly wounded.
The orc priest looks braver for a moment.
You claw the orc!
You kill the orc!
Trog accepts your kill. The orc barely misses you.
The orc priest mumbles some strange prayers to Beogh against you.
Beogh smites you!
* * * LOW HITPOINT WARNING * * *
Things that are here:
a +0 heavy mace; a +0 hand axe; an orc corpse You scratch the orc.
You bite the orc.
You kill the orc!
Trog accepts your kill.
You claw the orc!
You kill the orc!
Trog accepts your kill. You block the orc priest's attack.
Things that are here:
a +0 war axe; a +0 falchion You scratch the orc priest but do no damage.
You block the orc priest's attack.
You scratch the orc priest but do no damage.
The orc priest barely misses you.
You scratch the orc priest.
You bite the orc priest, but do no damage.
The orc priest is lightly wounded.
The orc priest hits you with a +1 flail of protection.
You die...

#.§§§≈§≈§≈.# #.≈§§§≈≈≈..#
#.§.§....§.# #..§#.######
#.....# #...### ##.## ######
#.# #..... #.# #.....
##.########.....############
...............o@)..).....>#
##.########.....###.######.#
##.# #..... #.# ###.# .#.##
#..... #.# #...# ....#
###### #.# #.### ##..#
#.####.# #..## #.#....#
#...# #.#.#### ##.#.## #.#.#
...#..# #...# ...##.#
#.###########


You could see an orc priest.

Vanquished Creatures
  Ijyb (D:4)
  4 hounds (D:4)
  An iguana (D:4)
  A gnoll (D:1)
  An adder (D:4)
  3 dart slugs
  A ribbon worm (D:2)
  4 orcs (D:4)
  8 ball pythons
  6 bats (D:1)
  5 endoplasms
  A giant cockroach (D:4)
  3 goblins (D:1)
  6 hobgoblins
  2 jackals (D:1)
  4 quokkas
  5 frilled lizards
  A kobold (D:1)
  7 rats
64 creatures vanquished.

Notes
Turn   | Place    | Note
-------+----------+-------------------------------------------
     0 | D:1      | lynnlei the Felid Berserker began the quest for the Orb.
     0 | D:1      | Reached XP level 1. HP: 12/12 MP: 2/2
   139 | D:1      | Found a faded altar of an unknown god.
   155 | D:1      | Reached XP level 2. HP: 16/16 MP: 3/3
   463 | D:1      | Reached XP level 3. HP: 8/20 MP: 4/4
   608 | D:1      | Reached ** piety under Trog
  1151 | D:2      | Found an ancient bone altar of Kikubaaqudgha.
  1677 | D:3      | Reached XP level 4. HP: 24/24 MP: 5/5
  1677 | D:3      | Gained a life (2 lives remaining)
  1940 | D:4      | Found a staircase to the Ecumenical Temple.
  1992 | D:4      | Reached skill level 1 in Stealth
  2009 | D:4      | Noticed Ijyb
  2115 | D:4      | Killed Ijyb
  2116 | D:4      | Reached skill level 5 in Dodging
  2147 | D:4      | Gained mutation: You are frail. (-10% HP) [potion of
                  | mutation]
  2147 | D:4      | Gained mutation: You occasionally lose the ability to drink
                  | potions when taking damage. [potion of mutation]
  2147 | D:4      | Gained mutation: Your flesh is heat resistant. (rF+)
                  | [potion of mutation]
  2147 | D:4      | Gained mutation: Your flesh is cold resistant. (rC+)
                  | [potion of mutation]
  2154 | D:4      | Reached XP level 5. HP: 19/25 MP: 6/6
  2330 | D:4      | Noticed Grinder
  2337 | D:4      | Slain by Grinder
  2337 | D:4      | Lost a life (1 life remaining)
  2465 | D:4      | Reached skill level 5 in Unarmed Combat
  2583 | D:4      | Found Fiziunei's Magic Scroll Boutique.
  2702 | D:4      | Found a shimmering blue altar of Sif Muna.
  2789 | D:4      | Noticed Edmund
  2801 | D:4      | Slain by Edmund
  2801 | D:4      | Lost a life (0 lives remaining)
  2884 | D:4      | Slain by an orc priest

Illustrated notes

Levels and vault maps discovered:
D:1:      dpeg_arrival_prison, layout_rooms,
          hellmonk_ecumenical_altar_dog_temple
D:2:      layout_basic, basic_altar
D:3:      layout_rooms
D:4:      layout_basic, mainiacjoe_overflow_catwalk,
          minmay_temple_entry_antechambers, serial_shops, shop,
          gup_sewer_entry_bubbles, uniq_edmund, uniq_grinder, uniq_ijyb

Skill      XL: |  1  2  3  4  5 |
---------------+----------------+-----
Unarmed Combat | 4 5 |  5.3
Stealth        | 1 3 |  3.0
Dodging        | 5 |  5.3
Fighting       | |  3.5

Action                     |  1- 3 |  4- 6 || total
---------------------------+-------+-------++-------
  Melee: Unarmed           |   129 |    74 ||   203
         Bite              |    11 |    14 ||    25
         Punch             |     1 |     3 ||     4
    Use: Scroll            |     4 |     4 ||     8
         Potion            |     8 |     3 ||    11
   Stab: Sleeping          |       |     2 ||     2
 Armour: Skin              |    33 |    20 ||    53
  Dodge: Dodged            |   105 |    52 ||   157
  Block: Other             |     2 |    15 ||    17

Table legend: (Time is in decaauts)
 A = Elapsed time spent in this place.
 B = Non-inter-level travel time spent in this place.
 C = Inter-level travel time spent in this place.
 D = Time resting spent in this place.
 E = Time spent auto-exploring this place.
 F = Levels seen in this place.
 G = Mean time per level.
                   A        B        C        D        E       F      G
               +--------+--------+--------+--------+--------+-----+--------+
         Total |   2865 |   2828 |     37 |    272 |   1570 |   4 |  716.2 |
       Dungeon |   2865 |   2828 |     37 |    272 |   1570 |   4 |  716.2 |
               +--------+--------+--------+--------+--------+-----+--------+

Top non-repeatable levels by time:
     D:4: 908 daAuts
     D:1: 872 daAuts
     D:2: 657 daAuts
     D:3: 427 daAuts
